 Dungeon Crawl Stone Soup version 0.22-a0-425-g89d60a1 (webtiles) character file.

201 Borgoz the Skirmisher (level 5, -1/46 HPs)
             Began as a Ghoul Abyssal Knight on May 24, 2018.
             Was a Believer of Lugonu.
             Slain by Crazy Yiuf
             ... wielding a +3 quarterstaff of chaos
              (13 damage)
             ... on level 3 of the Dungeon.
             The game lasted 00:05:53 (2876 turns).

Borgoz the Skirmisher (Ghoul Abyssal Knight)        Turns: 2876, Time: 00:05:54

Health: -1/46      AC:  5    Str: 16    XL:     5   Next: 79%
Magic:  6/6        EV: 15    Int:  7    God:    Lugonu [**....]
Gold:   156        SH:  0    Dex:  9    Spells: 4/4 levels left

rFire    . . .     SeeInvis .     - Unarmed
rCold    + . .     Gourm    .   (no shield)
rNeg     + + +     Faith    .   j - +0 ring mail (curse)
rPois    ∞         Spirit   .   (no helmet)
rElec    .         Reflect  .   (no cloak)
rCorr    .         Harm     .   (no gloves)
MR       .....                  (no boots)
Stlth    ..........             (no amulet)
HPRegen  0.00/turn              k - +4 ring of evasion
MPRegen  0.10/turn              (no ring)

@: rotting
A: rotting body, claws 1, carnivore, cold resistance 1, negative energy
resistance 3, inhibited regeneration, torment resistance, unbreathing
a: Depart the Abyss, Bend Space, Renounce Religion


You were on level 3 of the Dungeon.
You worshipped Lugonu.
Lugonu was pleased with you.
You were not hungry.

You visited 1 branch of the dungeon, and saw 3 of its levels.
You visited the Abyss 1 time.

You collected 156 gold pieces.

Inventory:

Armour
 j - a cursed +0 ring mail (worn)
Jewellery
 h - an uncursed ring of ice
 k - a +4 ring of evasion (left claw)
 n - an uncursed amulet of magic regeneration
 s - an uncursed ring of fire {unknown}
Scrolls
 c - a scroll of remove curse {unknown}
 d - a scroll of identify
 g - a scroll of fear {unknown}
 l - a scroll of amnesia {unknown}
 m - a scroll of teleportation {unknown}
 o - a scroll of blinking {unknown}
 p - a scroll of noise {unknown}
 q - a scroll of fog {unknown}
 t - a scroll of random uselessness {unknown}
Potions
 a - a potion of mutation {unknown}
 e - a potion of flight {unknown}
 f - 3 potions of ambrosia
 i - a potion of berserk rage {unknown}
Comestibles
 b - 8 rations
 r - a chunk of flesh


   Skills:
 + Level 3.9 Fighting
 * Level 3.3 Armour
 * Level 2.6 Dodging
 + Level 3.1 Unarmed Combat
 + Level 2.8 Invocations


You had 4 spell levels left.
You didn't know any spells.
Your spell library was empty.

Dungeon Overview and Level Annotations

Branches:
Dungeon (3/15)

Altars:
Vehumet

Annotations:
D:3 Crazy Yiuf


Innate Abilities, Weirdness & Mutations

Your body is rotting away.
You thrive on raw meat.
You are immune to poison.
You have sharp fingernails.
You are carnivorous and can eat meat at any time.
Your flesh is cold resistant. (rC+)
You are immune to negative energy. (rN+++)
You do not regenerate when monsters are visible.
You are immune to unholy pain and torment.
You can survive without breathing.


Message History

You scratch Crazy Yiuf but do no damage.
Crazy Yiuf is moderately wounded.
Crazy Yiuf hits you with a quarterstaff of chaos.
You are electrocuted!
You scratch Crazy Yiuf but do no damage.
Crazy Yiuf is moderately wounded.
Crazy Yiuf completely misses you.
Eat one of 3 chunks of flesh? (ye/n/q)
You eat one of the 3 chunks of flesh.
This raw flesh tastes great!
Crazy Yiuf hits you with a quarterstaff of chaos!
* * * LOW HITPOINT WARNING * * *
Crazy Yiuf freezes you.
* * * LOW HITPOINT WARNING * * *
Eat one of 2 chunks of flesh? (ye/n/q)
Okay, then.
Eat one of 2 chunks of flesh? (ye/n/q)
You eat one of the 2 chunks of flesh.
This raw flesh tastes great!
Crazy Yiuf glowers.
Crazy Yiuf hits you with a quarterstaff of chaos!
You die...

..#.# #......#
##..#†. #.#.#
#......#
#††...#
..#.#####'####
#.....#
#.#.#.....#
### #.....#
#...#.....#
##### #.#
#.....#
##.##.....#
#..)#
#.####.....#
#..#.....#
#...#
#.+........#
##.#...))#
#.g.#
#.####.#...# #
#.#####.## #@#
#.####.#...# #
#.###....#
♣♣.♣
#......#...# #
#..##.#.##
♣.♣♣
########†..#
####.##....#
♣♣.♣
##.##......#
..!.....#+##
♣.♣♣
#..##.###..#
####..#....#
♣♣.♣♣
##.##.###..# #
##.#....#
♣..P♣♣
##.#.......# #
#.#....#
♣....♣
#..#..####.# #
#.#....#
#....# #..#..#
#.#


You could see Crazy Yiuf.

Vanquished Creatures
  An orc priest (D:3)
  Robin (D:3)
  6 adders
  An ooze (D:1)
  A worm (D:2)
  2 dart slugs
  3 leopard geckos (D:1)
  5 orcs (D:3)
  3 ball pythons
  3 giant cockroaches
  20 goblins
  10 hobgoblins
  6 jackals
  4 bats
  6 frilled lizards
  10 kobolds
  4 rats
86 creatures vanquished.

Notes
Turn   | Place    | Note
-------+----------+-------------------------------------------
     0 | Abyss:1  | Borgoz the Ghoul Abyssal Knight began the quest for the Orb.
     0 | Abyss:1  | Reached XP level 1. HP: 19/19 MP: 1/1
    84 | Abyss:1  | Noticed a ynoxinul
    85 | D:1      | Escaped the Abyss
    96 | D:1      | Reached skill level 1 in Dodging
   107 | D:1      | Reached XP level 2. HP: 14/26 MP: 2/2
   470 | D:1      | Reached * piety under Lugonu
   596 | D:1      | Reached XP level 3. HP: 25/29 MP: 3/3
  1357 | D:2      | Reached XP level 4. HP: 29/39 MP: 4/4
  1588 | D:2      | Found a radiant altar of Vehumet.
  1857 | D:3      | Noticed Robin
  2033 | D:3      | Reached ** piety under Lugonu
  2100 | D:3      | Reached XP level 5. HP: 43/46 MP: 5/5
  2350 | D:3      | Found a runed door.
  2696 | D:3      | Killed Robin
  2868 | D:3      | Noticed Crazy Yiuf
  2876 | D:3      | Slain by Crazy Yiuf

Vault maps used:
D:1:      lightli_arrival_noodles
D:2:      lemuel_coloured_pillars_altar, first_ration
D:3:      kennysheep_goblin_castle, uniq_crazy_yiuf_cottage
Abyss:1:  minivault_20

Skill      XL: |  1  2  3  4  5 |
---------------+----------------+-----
Dodging        | 1 2 |  2.6
Armour         | 2 3 |  3.3
Unarmed Combat | 3 |  3.1
Fighting       | |  3.9
Invocations    | |  2.8

Action                   |  1- 3 |  4- 6 || total
-------------------------+-------+-------++-------
Melee: Unarmed           |    99 |   204 ||   303
       Punch             |     2 |       ||     2
Invok: Depart the Abyss  |     1 |       ||     1
  Use: Scroll            |       |     2 ||     2
  Eat: Chunk             |     7 |    26 ||    33
Armor: Leather armour    |    22 |       ||    22
       Ring mail         |     9 |    61 ||    70
Dodge: Dodged            |    52 |   199 ||   251

Table legend:
 A = Spawn XP
 B = Non-spawn XP
 C = Spawn XP percentage of total XP
 D = Spawn monster count
 E = Non-spawn monster count
 F = Spawn count percentage of total count
 G = Total turns spent on level
                    A         B        C        D         E        F      G
               +---------+---------+-------+---------+---------+-------+---------
         Total |       0 |     288 |   0.0 |       0 |      86 |   0.0 |  2876
               +---------+---------+-------+---------+---------+-------+---------
           D:1 |       0 |      49 |   0.0 |       0 |      24 |   0.0 |   899
           D:2 |       0 |      48 |   0.0 |       0 |      14 |   0.0 |   764
           D:3 |       0 |     191 |   0.0 |       0 |      48 |   0.0 |  1128
               +---------+---------+-------+---------+---------+-------+---------
